 Dungeon Crawl Stone Soup version 0.26-a0-712-ga5a9c9c9d0 (webtiles) character file.

Game seed: 17311832764585358347

264182 tilp the Unseen (level 19, -2/98 HPs)
             Began as a Spriggan Enchanter on Nov 12, 2020.
             Was the Champion of Dithmenos.
             Slain by a peacekeeper (14 damage)
             ... on level 2 of the Elven Halls.
             The game lasted 02:30:41 (58879 turns).

tilp the Unseen (Spriggan Enchanter)               Turns: 58879, Time: 02:30:41

Health: -2/98      AC: 12    Str:  9    XL:     19   Next: 27%
Magic:  0/36       EV: 31    Int: 30    God:    Dithmenos [******]
Gold:   890        SH:  7    Dex: 16    Spells: 7/42 levels left

rFire    . . .     SeeInvis +   a - +9 dagger (freeze)
rCold    . . .     Faith    .   R - +0 buckler
rNeg     + . .     Spirit   +   O - +1 robe "Witi" {rElec rPois Str+4}
rPois    +         Reflect  .   W - +2 hat of the Bear Spirit {Spirit, +Rage rN+ MR++}
rElec    +         Harm     .   g - +2 cloak
rCorr    .         Rampage  .   (gloves unavailable)
MR       +++++                  (boots unavailable)
Stlth    ++++++++++             c - amulet of magic regeneration
HPRegen  0.26/turn              A - +6 ring of intelligence
MPRegen  0.50/turn              u - +4 ring of protection

@: wreathed by umbra, very quick
A: very small, unfitting armour, see invisible, speed 3
}: 2/15 runes: serpentine, barnacled
a: Shadow Step, Shadow Form, Renounce Religion, Evoke Berserk Rage


You were on level 2 of the Elven Halls.
You worshipped Dithmenos.
Dithmenos was exalted by your worship.
You visited 7 branches of the dungeon, and saw 34 of its levels.
You also visited: Gauntlet, Ice Cave and Desolation.

You collected 3604 gold pieces.
You spent 2714 gold pieces at shops.

Inventory:

Hand Weapons
 a - a +9 dagger of freezing (weapon)
 b - a +0 rapier of electrocution
 z - a +6 dagger of freezing
Missiles
 h - 7 datura-tipped darts
 v - 12 curare-tipped darts
 I - 14 atropa-tipped darts (quivered)
Armour
 g - a +2 cloak (worn)
 L - a +2 robe of resistance
 O - the +1 robe "Witi" (worn) {rElec rPois Str+4}
   (You found it on level 14 of the Dungeon)

   It affects your strength (+4).
   It insulates you from electricity.
   It protects you from poison.
 R - a +0 buckler (worn)
 W - the +2 hat of the Bear Spirit (worn) {Spirit, +Rage rN+ MR++}
   (You acquired it on level 2 of the Lair of Beasts)

   It protects you from negative energy.
   It affects your resistance to hostile enchantments.
   It lets you go berserk.
Jewellery
 c - an amulet of magic regeneration (around neck)
 l - an uncursed amulet of reflection
 m - the ring "Fatix" {*Tele Int+2 Dex+6}
   (You found it in a Gauntlet)

   [ring of teleportation]

   It may teleport you next to monsters.
   It affects your intelligence (+2).
   It affects your dexterity (+6).
 u - a +4 ring of protection (right hand)
 w - an uncursed ring of protection from fire
 A - a +6 ring of intelligence (left hand)
 D - an uncursed ring of protection from cold
 P - an uncursed ring of positive energy
 X - an uncursed ring of resist corrosion
Wands
 j - a wand of paralysis (18)
 r - a wand of acid (12)
 t - a wand of disintegration (5)
 C - a wand of iceblast (10)
 G - a wand of digging (7)
 K - a wand of flame (56)
 N - a wand of polymorph (12)
 Q - a wand of enslavement (10)
Scrolls
 n - 11 scrolls of remove curse
 q - 3 scrolls of fear
 s - 17 scrolls of teleportation
 x - 11 scrolls of identify
 y - 8 scrolls of amnesia
 J - 10 scrolls of fog
 S - a scroll of silence
 T - 2 scrolls of magic mapping
 Y - 3 scrolls of enchant armour
Potions
 d - 8 potions of mutation
 e - 7 potions of stabbing
 f - 4 potions of magic
 i - 2 potions of resistance
 k - 6 potions of heal wounds
 o - a potion of cancellation
 p - 8 potions of curing
 B - 2 potions of haste
 F - 7 potions of flight
 U - 6 potions of ambrosia
 Z - 3 potions of invisibility
Miscellaneous
 E - a tin of tremorstones (3/3)
 H - a condenser vane (2/2)


   Skills:
 - Level 10.0 Fighting
 - Level 10.0 Short Blades
 - Level 6.0 Throwing
 - Level 16.0 Dodging
 - Level 16.0 Stealth
 - Level 4.0 Shields
 - Level 12.0 Spellcasting
 + Level 9.7 Conjurations
 - Level 15.0 Hexes
 - Level 4.0 Translocations
 - Level 8.0 Transmutations
 - Level 4.0 Fire Magic
 - Level 4.0 Ice Magic
 + Level 11.8 Earth Magic
 - Level 8.0 Invocations
 - Level 12.0 Evocations


You had 7 spell levels left.
You knew the following spells:

 Your Spells              Type           Power        Failure   Level
a - Corona                Hex            #######      0%          1
b - Ensorcelled Hibernat  Hex/Ice        ######       1%          2
c - Confusing Touch       Hex            #######.     1%          3
d - Tukima's Dance        Hex            #######.     1%          3
e - Dazzling Flash        Conj/Hex       ######       1%          3
f - Slow                  Hex            #######.     0%          2
g - Cause Fear            Hex            #######...   1%          4
h - Blink                 Tloc           N/A          1%          2
i - Petrify               Tmut/Erth      ######..     1%          4
j - Bolt of Magma         Conj/Fire/Erth ######....   3%          5
k - Iron Shot             Conj/Erth      ######....   6%          6

Your spell library contained the following spells:

 Spells                   Type           Power        Failure   Level
 Apportation              Tloc           #####.       1%          1
 Foxfire                  Conj/Fire      ####         1%          1
 Magic Dart               Conj           ####         1%          1
 Shock                    Conj/Air       ####         1%          1
 Sting                    Tmut/Pois      ####         1%          1
 Wereblood                Tmut           ######..     1%          2
 Conjure Flame            Conj/Fire      ######..     1%          3
 Gell's Gravitas          Tloc           #####.....   1%          3
 Ignite Poison            Fire/Tmut/Pois #####...     1%          3
 Inner Flame              Hex/Fire       ######..     1%          3
 Lesser Beckoning         Tloc           #####.....   1%          3
 Static Discharge         Conj/Air       #####...     1%          3
 Summon Guardian Golem    Hex/Summ       ######..     1%          3
 Teleport Other           Tloc           #####...     1%          3
 Leda's Liquefaction      Hex/Erth       #######...   1%          4
 Sticky Flame             Conj/Fire      ######..     1%          4
 Metabolic Englaciation   Hex/Ice        ######....   1%          5
 Yara's Violent Unravell  Hex/Tmut       ######....   1%          5
 Mephitic Cloud           Conj/Pois/Air  #####...     2%          3
 Irradiate                Conj/Tmut      ######....   2%          5
 Animate Skeleton         Necr           ###...       3%          1
 Summon Small Mammal      Summ           ###.         3%          1
 Blade Hands              Tmut           ######....   3%          5
 Silence                  Hex/Air        ######....   4%          5
 Call Imp                 Summ           ###.....     5%          2
 Poisonous Vapours        Pois/Air       ###...       5%          2
 Swiftness                Air            ###.....     5%          2
 Fireball                 Conj/Fire      ######....   6%          5
 Passage of Golubria      Tloc           N/A          7%          4
 Borgnjor's Vile Clutch   Necr/Erth      ######....   9%          5
 Statue Form              Tmut/Erth      ######...    9%          6
 Call Canine Familiar     Summ           ###.....     11%         3
 Lightning Bolt           Conj/Air       #####.....   13%         5
 Hydra Form               Tmut           ######....   21%         6
 Starburst                Conj/Fire      ######....   32%         6
 Airstrike                Air            ###.......   34%         4
 Animate Dead             Necr           ###.......   34%         4
 Olgreb's Toxic Radiance  Pois           ###.....     34%         4
 Dragon Form              Tmut           ######....   73%         7
 Simulacrum               Ice/Necr       ####......   93%         6
 Death Channel            Necr           ###.......   99%         6
 Shadow Creatures         Summ           N/A          99%         6
 Spellforged Servitor     Conj/Summ      #####.....   99%         7
 Discord                  Hex            #######...   43%         8
 Ignition                 Fire           #####.....   100%        8
 Shatter                  Erth           ######....   100%        9


Dungeon Overview and Level Annotations

Branches:
Dungeon (15/15)            Temple (1/1) D:5            Lair (6/6) D:10
 Shoals (4/4) Lair:3        Snake (4/4) Lair:4        Slime (0/5) Lair:6
    Orc (2/2) D:12            Elf (2/3) Orc:2        Vaults (0/5) D:13
 Depths (0/5) D:15          IceCv (visited)         Desolation (visited)
Gauntlet (visited)

Altars:
Ashenzari
Cheibriados
Dithmenos
Elyvilon
Fedhas
Gozag
Hepliaklqana
Kikubaaqudgha
Makhleb
Nemelex Xobeh
Okawaru
Qazlal
Ru
Sif Muna
Trog
Uskayaw
Vehumet
Wu Jian
Xom
Yredelemnul
Zin
The Shining One
Beogh

Shops:
D:4 ?   D:5 :   D:7 *   D:10 (   D:13 *   Orc:2 *}[(   Elf:1 ?(   Elf:2 }
Shoals:3 !   Snake:3 *!:   Snake:4 [

Portals:
Hell: Lair:6

Annotations:
D:9 exclusion: orange crystal statue
D:12 3 runed translucent doors, Enasy's ghost, journeyman MiBe
Lair:6 3 runed translucent doors, Reniomp's ghost, journeyman DDFi


Innate Abilities, Weirdness & Mutations

You are very small and have problems with some larger weapons.
You are too small for most types of armour.
You have supernaturally acute eyesight. (SInv)
You cover ground extremely quickly.


Message History

* * * LOW HITPOINT WARNING * * *
The peacekeeper completely misses you. The peacekeeper misses you.
The saltling hits you but does no damage.
The barbed spikes dig painfully into your body as you move.
* * * LOW HITPOINT WARNING * * *
The barbed spikes snap loose.
Things that are here:
a +0 dagger; a +0 robe
There is a gate leading back out of this place here.
The imperial myrmidon seems to regain its courage.
The peacekeeper misses you. You block the peacekeeper's attack.
You block the saltling's attack. The saltling hits you!!
* * * LOW HITPOINT WARNING * * *
Welcome back to the Elven Halls!
There is a collapsed entrance here.
Unknown command.
Casting: Cause Fear (safe; 1% risk of failure)
Confirm with . or Enter, or press ? or * to list all spells.
You blink.
The peacekeeper bites you!
You die...

,,,,>,,,,,,,,,,,,,,,,,,..........
,,,,,,,,,,...,,,,,,,,,,..........
,,,,,,,,,,?...,,,,,,,,,..........
,,,**######..#####**+*##.........
,,,*,.....#..#.$.,,,,,.#.........
,,,*,.....#..#..§,,,,..#......§..
,,,*,.....+..#..#####..+......)..
,,,*,.....#..#§.§§§§...#.........
,,,*,.....#..'.§@§§§§..#.........
,,,*,,.(..#..#.§8§§§§..#.........
,,,*,,.,,,#..#...§§§§..#.........
,,,+,,,,,,#..#...§.§§..#.........
,,,*,,,,,,#..#.....§...#......[..
,,,*,,,,,,#..#.........#.........
,,,*,,,,,,#..#.........#......=..
,,,**######..###########..=......
,,,,,......).....................


You could see a peacekeeper.

Vanquished Creatures
  Agnes (D:15)
  9 nagarajas
  A frost giant (IceCv)
  2 orc warlords
  Aizul (Snake:3)
  A deep elf demonologist (Elf:1)
  A minotaur (Gauntlet)
  4 merfolk javelineers
  A dire elephant (Lair:6)
  A fire dragon (D:15)
  3 ragged hierophants (Desolation)
  Josephine (Orc:2)
  A servant of whispers (Desolation)
  7 hydras
  4 merfolk impalers
  A yaktaur captain (D:13)
  An ice dragon (D:15)
  A peacekeeper (Desolation)
  8 merfolk avatars
  6 boulder beetles
  Erica (D:10)
  15 naga warriors
  8 merfolk aquamancers
  5 centaur warriors
  11 anacondas
  An alligator snapping turtle (Shoals:4)
  5 two-headed ogres
  A death knight (D:14)
  6 dancing weapons
  A tengu warrior (D:15)
  11 death yaks
  7 satyrs
  3 orc high priests
  14 naga sharpshooters
  Sonja (D:12)
  9 shock serpents
  A fire crab (shapeshifter) (D:14)
  A sixfirhy (Lair:6)
  15 sea snakes
  9 skeletal warriors
  A fire crab (Gauntlet)
  An unseen horror (D:14)
  11 naga ritualists
  A wizard (Lair:6)
  3 deep elf archers (Elf:1)
  A lindwurm (Lair:4)
  A wolf spider zombie (D:12)
  16 harpies
  An ironbrand convoker (Elf:2)
  3 orc sorcerers
  10 mana vipers
  An orc knight (D:15)
  10 ugly things
  An oklob plant (Orc:2)
  5 salamanders
  8 cyclopes
  32 fauns
  18 deep elf magi
  53 black mambas
  Joseph (D:9)
  10 manticores
  3 guardian serpents
  7 water nymphs
  A torpor snail (Gauntlet)
  6 merfolk sirens
  10 elephants
  3 centaur zombies
  A gargoyle (Gauntlet)
  28 naga magi
  20 cane toads
  Maggie (D:9)
  5 rime drakes
  2 orange demons (Lair:6)
  2 yaktaurs (D:13)
  12 komodo dragons
  A kobold demonologist (D:15)
  2 efreet
  A minotaur zombie (Gauntlet)
  3 ice devils (Lair:6)
  A red devil (Lair:6)
  4 trolls
  A queen bee (shapeshifter) (D:14)
  11 merfolk
  7 polar bears
  3 meliai (D:13)
  10 wind drakes
  9 saltlings
  11 slime creatures
  8 snapping turtles
  2 hornets
  6 blink frogs
  A snapping turtle (shapeshifter) (D:13)
  13 dream sheep
  2 centaur simulacra (D:15)
  16 water elementals
  6 shadows (Gauntlet)
  2 wyverns
  4 wraiths
  4 fire bats (Gauntlet)
  87 yaks
  5 fire elementals (Elf:1)
  4 basilisks
  A steam dragon (D:10)
  Grum (D:10)
  48 nagas
  3 wargs
  17 water moccasins
  4 acid dragons
  4 hell hounds
  10 ice beasts
  5 black bears
  A phantom (D:8)
  A necrophage (D:8)
  12 ogres
  2 eyes of draining
  23 orc warriors
  4 sky beasts
  35 wolves
  12 centaurs
  7 big kobolds
  24 bullfrogs
  3 wyvern zombies (D:13)
  6 scorpions
  10 wights
  3 howler monkeys
  An electric eel (Lair:3)
  34 orc wizards
  A gnoll shaman (D:9)
  7 hounds
  2 jellies
  30 orc priests
  4 centaur skeletons
  Ijyb (D:3)
  4 iguanas
  7 hell rats
  11 worker ants
  A hound zombie (D:9)
  A worker ant zombie (D:6)
  9 gnolls
  22 adders
  2 shadow imps
  2 white imps (D:5)
  2 ufetubi
  2 oozes
  An adder skeleton (D:7)
  2 worms (D:2)
  3 dart slugs
  8 leopard geckos
  113 orcs
  3 giant cockroaches
  8 goblins
  5 hobgoblins
  13 jackals
  2 quokkas
  7 bats
  A frilled lizard (D:1)
  A giant cockroach zombie (D:6)
  26 kobolds
  2 leopard gecko skeletons
  A quokka zombie (D:9)
  8 rats
1276 creatures vanquished.

Vanquished Creatures (collateral kills)
  An orc warlord (Orc:1)
  An orc knight (Orc:2)
  2 orc warriors (Orc:1)
  3 orcs
7 creatures vanquished.

Vanquished Creatures (others)
  A rime drake (IceCv)
  5 polar bears (IceCv)
  A yak (IceCv)
  2 nagas (Snake:4)
  An orc (Orc:1)
  3 bushes (Lair:6)
  34 fungi
  287 plants
334 creatures vanquished.

Grand Total: 1617 creatures vanquished

Notes
Turn   | Place    | Note
-------+----------+-------------------------------------------
     0 | D:1      | tilp the Spriggan Enchanter began the quest for the Orb.
     0 | D:1      | Reached XP level 1. HP: 9/9 MP: 5/5
   373 | D:1      | Reached XP level 2. HP: 13/13 MP: 3/6
   377 | D:1      | Learned a level 2 spell: Ensorcelled Hibernation
   437 | D:1      | Reached skill level 5 in Stealth
   889 | D:1      | Reached XP level 3. HP: 16/16 MP: 5/8
   940 | D:1      | Learned a level 3 spell: Confusing Touch
  1723 | D:2      | Reached XP level 4. HP: 18/21 MP: 6/9
  2342 | D:3      | Noticed Ijyb
  2704 | D:3      | Killed Ijyb
  3228 | D:4      | Reached XP level 5. HP: 24/24 MP: 10/10
  3233 | D:4      | Learned a level 3 spell: Tukima's Dance
  3256 | D:4      | Found Inki's Magic Scroll Shop.
  3259 | D:4      | Bought a scroll of remove curse for 36 gold pieces
  3259 | D:4      | Bought a scroll of noise for 12 gold pieces
  3259 | D:4      | Bought a scroll of teleportation for 36 gold pieces
  3354 | D:4      | Reached skill level 1 in Evocations
  3629 | D:4      | Noticed an ogre
  3636 | D:4      | Killed an ogre
  3636 | D:4      | Reached XP level 6. HP: 28/28 MP: 11/11
  3873 | D:4      | Noticed an orc warrior
  4208 | D:4      | Found a bloodstained altar of Trog.
  4440 | D:4      | Reached skill level 5 in Short Blades
  4493 | D:4      | Found a shimmering blue altar of Sif Muna.
  4554 | D:5      | Entered Level 5 of the Dungeon
  4607 | D:5      | Reached XP level 7. HP: 32/32 MP: 7/12
  4648 | D:5      | Found Icloteaj's Book Emporium.
  5026 | D:5      | Reached skill level 1 in Ice Magic
  5245 | D:5      | Reached skill level 5 in Hexes
  5394 | D:5      | Found a staircase to the Ecumenical Temple.
  5407 | Temple   | Entered the Ecumenical Temple
  5508 | Temple   | Became a worshipper of Dithmenos the Shadowed
  5689 | D:4      | Bought a scroll of identify for 24 gold pieces
  5689 | D:4      | Bought a scroll of blinking for 90 gold pieces
  5956 | D:6      | Reached XP level 8. HP: 36/36 MP: 12/15
  6083 | D:5      | Learned a level 3 spell: Dazzling Flash
  6086 | D:5      | Learned a level 2 spell: Slow
  6708 | D:6      | Reached skill level 1 in Invocations
  6792 | D:6      | Reached skill level 1 in Fighting
  7058 | D:7      | Found Boebro Lyar's Assorted Antiques.
  7077 | D:7      | Reached * piety under Dithmenos
  7203 | D:7      | Reached skill level 5 in Evocations
  8122 | D:4      | Reached skill level 5 in Dodging
  8141 | D:4      | Bought a scroll of fear for 42 gold pieces
  8141 | D:4      | Bought 2 scrolls of fog for 48 gold pieces
  8209 | D:7      | Bought a scroll of identify for 50 gold pieces
  8225 | D:8      | Reached XP level 9. HP: 42/42 MP: 16/16
  8310 | D:8      | Found a shadowy altar of Dithmenos.
  8388 | D:8      | Reached ** piety under Dithmenos
  9246 | D:9      | Noticed Maggie
  9286 | D:9      | Killed Maggie
  9379 | D:9      | Noticed a troll
  9381 | D:9      | Killed a troll
  9381 | D:9      | Reached skill level 1 in Conjurations
  9382 | D:9      | Noticed an orange crystal statue
  9404 | D:9      | Learned a level 2 spell: Blink
  9453 | D:9      | Reached skill level 1 in Translocations
  9643 | D:9      | Noticed Joseph
  9653 | D:9      | Killed Joseph
  9771 | D:9      | Got a fine hand axe
  9772 | D:9      | Identified the +7 hand axe "Leviticus" {elec, rF+} (You
                  | found it on level 9 of the Dungeon)
 10255 | D:7      | Bought a scroll of identify for 50 gold pieces
 10255 | D:7      | Bought a scroll of identify for 50 gold pieces
 10325 | D:10     | Entered Level 10 of the Dungeon
 10326 | D:10     | Found a staircase to the Lair.
 10367 | D:10     | Reached *** piety under Dithmenos
 10367 | D:10     | Reached XP level 10. HP: 49/49 MP: 17/17
 10385 | D:10     | Noticed Grum
 10437 | D:10     | Reached skill level 10 in Stealth
 10684 | D:10     | Noticed a manticore
 10691 | D:10     | Killed a manticore
 10708 | D:10     | Killed Grum
 10757 | D:10     | Found Tyijarch's Weapon Emporium.
 10831 | D:10     | Noticed Erica
 10838 | D:10     | Killed Erica
 11831 | D:11     | Noticed a white ugly thing
 11860 | D:11     | Killed a white ugly thing
 11896 | D:11     | Noticed a two-headed ogre
 11906 | D:11     | Killed a two-headed ogre
 12109 | D:11     | Reached **** piety under Dithmenos
 12650 | D:4      | Bought a scroll of silence for 90 gold pieces
 12718 | D:7      | Bought a scroll labeled ROSMUTUS PAIFU for 25 gold pieces
 12857 | D:12     | Reached XP level 11. HP: 34/52 MP: 13/18
 13023 | D:12     | Found a staircase to the Orcish Mines.
 13082 | D:12     | Found a runed translucent gate.
 13084 | D:12     | Noticed a tengu warrior
 13085 | D:12     | Noticed a centaur warrior
 13086 | D:12     | Found a runed translucent gate.
 13086 | D:12     | Noticed a naga warrior
 13086 | D:12     | Noticed a tengu warrior
 13086 | D:12     | Noticed a tengu warrior
 13087 | D:12     | Found a runed translucent gate.
 13087 | D:12     | Noticed a merfolk impaler
 13087 | D:12     | Noticed Enasy's ghost (journeyman MiBe)
 13087 | D:12     | Noticed a centaur warrior
 13087 | D:12     | Noticed a naga warrior
 13088 | D:12     | Found an iron altar of Okawaru.
 13205 | D:12     | Noticed a skeletal warrior
 13206 | D:12     | Noticed a purple ugly thing
 13206 | D:12     | Noticed a skeletal warrior
 13206 | D:12     | Noticed a skeletal warrior
 13228 | D:12     | Killed a purple ugly thing
 13394 | D:7      | Bought a scroll labeled SEHOCLENON for 25 gold pieces
 13500 | Lair:1   | Entered Level 1 of the Lair of Beasts
 13500 | Lair:1   | Found a frozen archway.
 13697 | D:10     | Reached skill level 5 in Spellcasting
 13961 | IceCv    | Entered an ice cave
 13997 | IceCv    | Reached skill level 5 in Invocations
 14470 | IceCv    | Noticed a death yak
 14484 | IceCv    | Killed a death yak
 14623 | IceCv    | Reached ***** piety under Dithmenos
 14981 | IceCv    | Reached XP level 12. HP: 58/58 MP: 18/21
 15014 | IceCv    | Noticed a frost giant
 15275 | IceCv    | Killed a frost giant
 15516 | Lair:1   | Learned a level 4 spell: Cause Fear
 16051 | Lair:1   | Noticed a six-headed hydra
 16055 | Lair:1   | Killed a six-headed hydra
 16055 | Lair:1   | Reached skill level 1 in Shields
 16063 | Lair:1   | Reached skill level 10 in Dodging
 16832 | Lair:2   | Reached skill level 5 in Fighting
 16976 | Lair:2   | Reached skill level 10 in Hexes
 17758 | Lair:2   | Identified a scroll of acquirement
 17758 | Lair:2   | Acquired the +2 hat of the Bear Spirit {Spirit, +Rage rN+
                  | MR++}
 17759 | Lair:2   | Found the +2 hat of the Bear Spirit {Spirit, +Rage rN+
                  | MR++}
 18051 | Lair:3   | Reached XP level 13. HP: 63/63 MP: 18/23
 18112 | Lair:3   | Reached skill level 10 in Short Blades
 18513 | Lair:3   | Found a staircase to the Shoals.
 19048 | Lair:4   | Found a bloodstained altar of Trog.
 19231 | Lair:4   | Found a staircase to the Snake Pit.
 20001 | Lair:4   | Reached skill level 15 in Stealth
 20572 | D:5      | Bought a book of Misfortune for 260 gold pieces
 20577 | D:5      | Learned a level 4 spell: Petrify
 21177 | Lair:4   | Reached ****** piety under Dithmenos
 22263 | Lair:6   | Entered Level 6 of the Lair of Beasts
 22437 | Lair:6   | Found a staircase to the Slime Pits.
 22467 | Lair:6   | Noticed a minotaur
 22473 | Lair:6   | Noticed Reniomp's ghost (journeyman DDFi)
 22496 | Lair:6   | Reached XP level 14. HP: 55/72 MP: 11/24
 22645 | Lair:6   | Found a runed translucent gate.
 22645 | Lair:6   | Found a runed translucent gate.
 22645 | Lair:6   | Found a runed translucent gate.
 23258 | Lair:6   | Reached skill level 15 in Dodging
 23875 | Lair:6   | Found a burning altar of Makhleb.
 23877 | Lair:6   | Found a gateway to Hell.
 24686 | D:12     | Noticed Sonja
 24688 | D:12     | Killed Sonja
 25213 | D:13     | Reached skill level 10 in Fighting
 25428 | D:13     | Reached skill level 1 in Transmutations
 25546 | D:13     | Reached skill level 1 in Earth Magic
 25632 | D:13     | Found a gate to the Vaults.
 26151 | D:13     | Reached XP level 15. HP: 66/80 MP: 8/25
 26433 | D:13     | Found Isuu's General Store.
 26930 | D:14     | Identified the +1 robe "Witi" {rElec rPois Str+4} (You
                  | found it on level 14 of the Dungeon)
 28032 | D:15     | Entered Level 15 of the Dungeon
 28110 | D:15     | Found a gate leading to a gauntlet.
 28123 | Gauntlet | Entered a Gauntlet
 28123 | Gauntlet | Found a transporter.
 28132 | Gauntlet | Found a transporter.
 28135 | Gauntlet | Found a transporter.
 28136 | Gauntlet | Found a transporter.
 28145 | Gauntlet | Found a transporter.
 28147 | Gauntlet | Found a transporter.
 28148 | Gauntlet | Found a transporter.
 28159 | Gauntlet | Found a transporter.
 28160 | Gauntlet | Found a transporter.
 28164 | Gauntlet | Found a transporter.
 28171 | Gauntlet | Found a transporter.
 28172 | Gauntlet | Found a transporter.
 28176 | Gauntlet | Found a transporter.
 28180 | Gauntlet | Found a transporter.
 28363 | Gauntlet | Got a flickering pewter ring
 28876 | Gauntlet | Acquired an uncursed staff of conjuration
 28898 | Gauntlet | Identified the ring "Fatix" {*Tele Int+2 Dex+6} (You found
                  | it in a Gauntlet)
 29024 | D:15     | Reached skill level 10 in Evocations
 29849 | D:15     | Found a staircase to the Depths.
 29886 | D:15     | Noticed Agnes
 30564 | Snake:1  | Entered Level 1 of the Snake Pit
 31182 | Snake:1  | Reached skill level 5 in Earth Magic
 31411 | Snake:1  | Reached XP level 16. HP: 85/85 MP: 24/30
 32422 | Snake:1  | Reached skill level 10 in Spellcasting
 33468 | Snake:3  | Reached skill level 5 in Transmutations
 33532 | Snake:3  | Found Jytosse's Distillery.
 33996 | D:5      | Bought a book of the Earth for 845 gold pieces
 34002 | D:5      | Learned a level 5 spell: Bolt of Magma
 34009 | D:5      | Learned a level 6 spell: Iron Shot
 34231 | Snake:3  | Found Tolanov's Assorted Antiques.
 34231 | Snake:3  | Found Icwoom's Book Emporium.
 34877 | Snake:3  | Noticed Aizul
 35660 | Snake:3  | Killed Aizul
 35911 | Snake:4  | Entered Level 4 of the Snake Pit
 36681 | Snake:4  | Found Korys's Armour Boutique.
 36700 | Snake:4  | Reached XP level 17. HP: 89/89 MP: 33/33
 36835 | Snake:4  | Reached skill level 5 in Conjurations
 42202 | Snake:4  | Got a serpentine rune of Zot
 42425 | Shoals:1 | Entered Level 1 of the Shoals
 42495 | Shoals:1 | Reached skill level 1 in Throwing
 42516 | Shoals:1 | Reached skill level 1 in Fire Magic
 45026 | Shoals:2 | Reached XP level 18. HP: 71/93 MP: 8/35
 46187 | Shoals:3 | Found Beyjuaj's Distillery.
 46313 | Shoals:3 | Bought a potion of resistance for 110 gold pieces
 47841 | Shoals:3 | Reached skill level 15 in Hexes
 47996 | Shoals:3 | Reached skill level 10 in Earth Magic
 48609 | Shoals:4 | Entered Level 4 of the Shoals
 48623 | Shoals:4 | Reached skill level 5 in Throwing
 49802 | Shoals:4 | Identified Gatakkul's Papyrus of Lethal Changing
 51436 | Shoals:4 | Got a barnacled rune of Zot
 52344 | D:15     | Killed Agnes
 52903 | Orc:1    | Entered Level 1 of the Orcish Mines
 53449 | Orc:1    | Found a roughly hewn altar of Beogh.
 54188 | Orc:2    | Entered Level 2 of the Orcish Mines
 54206 | Orc:2    | Noticed Josephine
 54211 | Orc:2    | Killed Josephine
 54622 | Orc:2    | Found a roughly hewn altar of Beogh.
 54682 | Orc:2    | Found a roughly hewn altar of Beogh.
 55197 | Orc:2    | Found a roughly hewn altar of Beogh.
 55198 | Orc:2    | Found Loih's Gadget Shop.
 55263 | Orc:2    | Found a roughly hewn altar of Beogh.
 55339 | Orc:2    | Found a staircase to the Elven Halls.
 55498 | Orc:2    | Found a roughly hewn altar of Beogh.
 55501 | Orc:2    | Found Omuy's Assorted Antiques.
 55596 | Orc:2    | Found a roughly hewn altar of Beogh.
 55672 | Orc:2    | Found Omenie's Antique Armour Boutique.
 55672 | Orc:2    | Found a roughly hewn altar of Beogh.
 56328 | Orc:2    | Found Isamaok's Antique Weapon Shop.
 56403 | Orc:2    | Bought a transparent hat for 243 gold pieces
 56403 | Orc:2    | Identified the +2 hat "Unocinid" {Int+3} (You bought it in
                  | a shop on level 2 of the Orcish Mines)
 56627 | Snake:3  | Bought a scroll of enchant weapon for 225 gold pieces
 57123 | Snake:3  | Bought a potion of invisibility for 96 gold pieces
 57354 | Elf:1    | Entered Level 1 of the Elven Halls
 57366 | Elf:1    | Reached XP level 19. HP: 98/98 MP: 36/36
 57368 | Elf:1    | Found a radiant altar of Vehumet.
 57400 | Elf:1    | Found Soompiz's Magic Scroll Boutique.
 57646 | Elf:1    | Identified the Catalogue of the Escort
 57769 | Elf:1    | Found Janlyif's Weapon Emporium.
 57848 | Elf:1    | Found Cops's Magic Scroll Boutique.
 57856 | Elf:1    | Bought a scroll of enchant weapon for 97 gold pieces
 57856 | Elf:1    | Bought a scroll of brand weapon for 260 gold pieces
 58341 | Elf:2    | Found Rautepir's Gadget Boutique.
 58411 | Elf:2    | Found a ruined gateway.
 58422 | Desolati | Entered the Desolation of Salt
 58879 | Elf:2    | Slain by a peacekeeper

Illustrated notes

Levels and vault maps discovered:
D:1:      dpeg_arrival_pits, layout_rooms, minmay_octomino_j4
D:2:      layout_basic
D:3:      layout_loops_cross, uniq_ijyb
D:4:      layout_cave_pools, lightli_temple_of_fire, serial_shops,
          nicolae_shop_behind_doors, led_sif_pool
D:5:      layout_cave_pools, temple_doors_e, serial_shops,
          nicolae_shop_competitors_out_of_business, hangedman_decor_growths
D:6:      layout_rooms
D:7:      layout_cave_pods, serial_shops, shop
D:8:      layout_basic, nicolae_dithmenos_shadow_blocks
D:9:      layout_grid_maze, minmay_protected_statue, uniq_joseph, uniq_maggie
D:10:     layout_irregular_city, dpeg_oklobed_lair, serial_shops,
          kennysheep_mini_moat, blue_anna_alchemist [blue_anna_fruit_fields,
          blue_anna_fruit_fields], uniq_grum, uniq_erica
D:11:     layout_cave_pools
D:12:     layout_basic, david_orc_2, gammafunk_ghost_fury_of_okawaru, uniq_sonja
D:13:     layout_loops_cross, david_vaults_2, serial_shops, shop
D:14:     layout_roguey, minmay_strange_pillars
D:15:     grunt_enter_depths_hoard, layout_cave_pods,
          chequers_serial_rivers_small_b, gauntlet_entry_generic, uniq_agnes
Temple:   compressed_dpeg_circular_temple
Lair:1:   layout_small_grid, portal_ice_cave_entry_ice_beasts,
          beast_lair_carwin_3
Lair:2:   layout_cave_pods, grunt_megastairs_1
Lair:3:   layout_long_grid, minmay_shoals_entry_centaurs, grunt_megastairs_3,
          serial_bayou_shore_a, lemuel_fruit_fields
Lair:4:   layout_regular_city, minmay_snake_entry_six_corridors, basic_altar
Lair:5:   layout_cave_shapes
Lair:6:   evil_forest, layout_loops_ring, slime_dummy,
          maelrawn_ghost_gauntlet_escape, chequers_serial_rivers_room_b
Shoals:1: layout_shoals
Shoals:2: layout_shoals
Shoals:3: layout_shoals, nicolae_shoals_c_island
Shoals:4: shoals_end_grunt_garden, layout_shoals, abandoned_shop
Snake:1:  nicolae_snake_hallway, layout_gridlike
Snake:2:  layout_rooms
Snake:3:  layout_onion, serial_shops, nicolae_shop_statue_plus,
          minmay_shoptagon, uniq_aizul
Snake:4:  snake_pit, layout_concentric_octagons, serial_shops,
          nicolae_shop_window_shopping
Orc:1:    layout_caves, library_closet, minmay_orc_temple_c
Orc:2:    grunt_orc_community_town_hall, layout_caves,
          grunt_orc_community_big_house_2, grunt_orc_community_big_house_1,
          grunt_orc_community_house_2, grunt_orc_community_house_2,
          grunt_orc_community_house_1, grunt_orc_community_house_3,
          grunt_orc_community_house_1, mines3_lemuel, uniq_josephine
Elf:1:    eino_elf_arrival_altar, layout_gridlike, serial_shops,
          nicolae_shop_statue_plus, shop,
          nicolae_shop_temple_entry_statues_fountains, minmay_elf_demonology
Elf:2:    layout_onion_city, serial_shops, nicolae_shop_crystal,
          portal_desolation_entry_salt, st_stairs_13

Skill      XL: |  1  2  3  4  5  6  7  8  9 10 11 12 13 14 15 16 17 18 |
---------------+-------------------------------------------------------+-----
Stealth        | 5 6 7 8 9 12 13 14 16 | 16.0
Short Blades   | 2 3 4 5 6 8 9 10 | 10.0
Evocations     | 2 4 5 6 7 8 10 12 | 12.0
Spellcasting   | 3 4 5 6 9 11 12 | 12.0
Hexes          | 4 6 8 9 10 11 13 14 15 | 15.0
Ice Magic      | 2 3 4 |  4.0
Invocations    | 2 4 5 6 8 |  8.0
Fighting       | 2 3 4 5 7 10 | 10.0
Dodging        | 5 8 9 10 13 16 | 16.0
Conjurations   | 2 3 4 6 9 |  9.7
Translocations | 2 3 4 |  4.0
Shields        | 3 4 |  4.0
Transmutations | 2 4 7 8 |  8.0
Earth Magic    | 1 5 7 9 11 | 11.8
Throwing       | 2 6 |  6.0
Fire Magic     | 2 4 |  4.0

Action                   |  1- 3 |  4- 6 |  7- 9 | 10-12 | 13-15 | 16-18 | 19-21 || total
-------------------------+-------+-------+-------+-------+-------+-------+-------++-------
Melee: Dagger            |    62 |   163 |   356 |   508 |  1035 |  1408 |    80 ||  3612
Throw: Stone             |     7 |       |       |       |       |       |       ||     7
 Cast: Corona            |    11 |       |     5 |       |       |     6 |     1 ||    23
       Ensorcelled Hiber |    15 |    38 |    81 |   136 |   225 |   319 |    19 ||   833
       Confusing Touch   |       |     3 |    17 |    13 |    54 |    12 |     3 ||   102
       Dazzling Flash    |       |       |     5 |    31 |    68 |   207 |     3 ||   314
       Tukima's Dance    |       |       |     1 |       |       |     6 |       ||     7
       Blink             |       |       |       |     1 |     2 |    10 |     2 ||    15
       Cause Fear        |       |       |       |       |     1 |       |     1 ||     2
       Bolt of Magma     |       |       |       |       |       |    93 |    25 ||   118
       Petrify           |       |       |       |       |       |     1 |       ||     1
       Iron Shot         |       |       |       |       |       |    25 |     6 ||    31
Invok: Shadow Step       |       |       |       |     1 |     6 |     8 |       ||    15
Evoke: Wand              |       |       |     2 |     4 |     3 |     9 |       ||    18
       Tin of tremorston |       |       |       |     1 |     1 |       |       ||     2
       Condenser vane    |       |       |       |       |     2 |     3 |       ||     5
  Use: Scroll            |     4 |     3 |    13 |     7 |     6 |    15 |     4 ||    52
       Potion            |       |       |       |       |     4 |       |     1 ||     5
 Stab: Sleeping          |    23 |    27 |    71 |   118 |   214 |   252 |    27 ||   732
       Confused          |       |     3 |    14 |    17 |    89 |    16 |     1 ||   140
       Invisible         |       |       |     2 |    38 |    72 |   168 |     1 ||   281
       Distracted        |       |       |       |       |     2 |     4 |       ||     6
Armor: Robe              |     6 |     8 |     5 |    17 |    34 |    84 |     8 ||   162
Dodge: Dodged            |    39 |    69 |   151 |   374 |   637 |  1196 |    67 ||  2533
Block: Other             |       |    28 |     6 |     8 |     4 |       |       ||    46
       Reflection        |       |     1 |       |     2 |     5 |   116 |       ||   124
       Buckler           |       |       |       |       |   187 |   519 |    21 ||   727

Table legend: (Time is in decaauts)
 A = Elapsed time spent in this place.
 B = Non-inter-level travel time spent in this place.
 C = Inter-level travel time spent in this place.
 D = Time resting spent in this place.
 E = Time spent auto-exploring this place.
 F = Levels seen in this place.
 G = Mean time per level.
                   A        B        C        D        E       F      G
               +--------+--------+--------+--------+--------+-----+--------+
         Total |  46363 |  42674 |   3689 |  20621 |  12975 |  37 | 1253.1 |
       Dungeon |  15504 |  13536 |   1968 |   5233 |   5203 |  15 | 1033.6 |
        Temple |     67 |     62 |      5 |      0 |     59 |   1 |   67.0 |
          Lair |   7317 |   6579 |    738 |   2504 |   2887 |   6 | 1219.5 |
        Shoals |   8616 |   8422 |    194 |   5064 |   1693 |   4 | 2154.0 |
     Snake Pit |   9403 |   8786 |    617 |   5464 |   1537 |   4 | 2350.8 |
  Orcish Mines |   2480 |   2364 |    116 |    909 |    858 |   2 | 1240.0 |
   Elven Halls |    735 |    686 |     49 |     27 |    471 |   2 |  367.5 |
      Ice Cave |   1200 |   1200 |      0 |    823 |    185 |   1 | 1200.0 |
    Desolation |    393 |    393 |      0 |    268 |      0 |   1 |  393.0 |
      Gauntlet |    643 |    643 |      0 |    325 |     79 |   1 |  643.0 |
               +--------+--------+--------+--------+--------+-----+--------+

Top non-repeatable levels by time:
Shoals:3: 4233 daAuts
 Snake:4: 3543 daAuts
 Snake:3: 2984 daAuts
Shoals:1: 1764 daAuts
  Lair:4: 1700 daAuts
     D:9: 1688 daAuts
 Snake:2: 1490 daAuts
  Lair:2: 1447 daAuts
 Snake:1: 1385 daAuts
Shoals:2: 1366 daAuts
   Orc:2: 1338 daAuts
    D:12: 1273 daAuts
Shoals:4: 1253 daAuts
  Lair:3: 1236 daAuts
    D:15: 1214 daAuts
